 Dungeon Crawl Stone Soup version 0.27.1-15-g792fb953b9 (webtiles) character file.

Game seed: 3010263928805933494

52 ZappyNine the Grasshopper (level 3, -11/31 HPs)
             Began as a Gnoll Warper on Nov 20, 2021.
             Killed from afar by Ijyb (18 damage)
             ... with a bolt of acid
             ... on level 3 of the Dungeon.
             The game lasted 00:02:07 (1811 turns).

ZappyNine the Grasshopper (Gnoll Warper)            Turns: 1811, Time: 00:02:08

Health: -11/31     AC:  4    Str:  8 (10) XL:     3   Next: 85%
Magic:  9/9        EV: 12    Int: 12 (13) God:
Gold:   68         SH:  0    Dex:  9 (11) Spells: 10/12 levels left

rFire    . . .     SeeInvis .   a - +0 hand axe
rCold    . . .     Faith    .   (no shield)
rNeg     . . .     Spirit   .   b - +0 leather armour
rPois    .         Reflect  .   (no helmet)
rElec    .         Harm     .   (no cloak)
rCorr    .         Rampage  .   (no gloves)
Will     .....                  j - +0 pair of boots
Stlth    +.........             (no amulet)
HPRegen  0.10/turn              (no ring)
MPRegen  0.11/turn              (no ring)

@: attractive
A: fangs 1, strong nose, distributed training
a: no special abilities


You were on level 3 of the Dungeon.
You visited 1 branch of the dungeon, and saw 3 of its levels.

You collected 68 gold pieces.

Inventory:

Hand Weapons
 a - a +0 hand axe (weapon)
Missiles
 d - 5 boomerangs of dispersal (quivered)
Armour
 b - a +0 leather armour (worn)
 j - a +0 pair of boots (worn)
Jewellery
 o - a +6 ring of strength
Wands
 l - a wand of iceblast (7)
Scrolls
 c - a scroll of blinking
 f - a scroll of enchant armour {unknown}
 g - 2 scrolls of teleportation {unknown}
 i - a scroll of amnesia {unknown}
 n - a scroll of noise {unknown}
 p - a scroll of immolation {unknown}
Potions
 e - a potion of berserk rage {unknown}
 m - a potion of might {unknown}


   Skills:
 + Level 4.6 Fighting
 + Level 1.0 Short Blades
 + Level 1.0 Long Blades
 + Level 4.6 Axes
 + Level 1.0 Maces & Flails
 + Level 1.0 Polearms
 + Level 1.0 Staves
 + Level 1.0 Slings
 + Level 1.0 Bows
 + Level 1.0 Crossbows
 + Level 2.6 Throwing
 + Level 2.6 Armour
 + Level 4.6 Dodging
 + Level 1.0 Stealth
 + Level 1.0 Shields
 + Level 1.0 Unarmed Combat
 + Level 5.0 Spellcasting
 + Level 0.7 Conjurations
 + Level 0.7 Hexes
 + Level 0.7 Summonings
 + Level 0.7 Necromancy
 + Level 5.4 Translocations
 + Level 0.7 Transmutations
 + Level 0.7 Fire Magic
 + Level 0.7 Ice Magic
 + Level 0.7 Air Magic
 + Level 0.7 Earth Magic
 + Level 0.7 Poison Magic
 + Level 1.0 Invocations
 + Level 1.0 Evocations


You had 10 spell levels left.
You knew the following spells:

 Your Spells              Type           Power      Damage    Failure   Level
a - Blink                 Tloc           N/A        N/A       4%          2

Your spell library contained the following spells:

 Spells                   Type           Power      Damage    Failure   Level
 Gell's Gravitas          Tloc           8%         N/A       9%          3
 Lesser Beckoning         Tloc           8%         N/A       9%          3
 Teleport Other           Tloc           16%        N/A       9%          3
 Summon Small Mammal      Summ           16%        N/A       22%         1
 Sublimation of Blood     Necr           2%         N/A       32%         2
 Wereblood                Tmut           4%         N/A       32%         2
 Manifold Assault         Tloc           16%        N/A       63%         5
 Summon Hydra             Summ           2%         N/A       100%        7


Dungeon Overview and Level Annotations

Branches:
Dungeon (3/15)

Altars:

Shops:
D:2 [(

Annotations:
D:3 Ijyb


Innate Abilities, Weirdness & Mutations

You have very sharp teeth.
Your uncanny sense of smell can sniff out nearby items.
Your experience applies equally to all skills.


Message History

Ijyb is nearby!
Ijyb is nearby!
Ijyb is nearby!
Ijyb zaps a wand.
The bolt of acid hits you!
You are splashed with acid!
* * * LOW HITPOINT WARNING * * *
An endoplasm comes into view.
You are too injured to fight recklessly!
You are too injured to fight recklessly!
You are too injured to fight recklessly!
You are too injured to fight recklessly!
You are too injured to fight recklessly!
You are too injured to fight recklessly!
You are too injured to fight recklessly!
You are too injured to fight recklessly!
You are too injured to fight recklessly!
You are too injured to fight recklessly!
You are too injured to fight recklessly!
You are too injured to fight recklessly!
You are too injured to fight recklessly!
You are too injured to fight recklessly!
You are too injured to fight recklessly!
You are too injured to fight recklessly!
You are too injured to fight recklessly!
You are too injured to fight recklessly!
You are too injured to fight recklessly!
You are too injured to fight recklessly!
You are too injured to fight recklessly!
You are too injured to fight recklessly!
Unknown command.
It was a potion of degeneration.
There was something very wrong with that liquid.
You feel weakened.
You feel dopey.
You feel clumsy.
The endoplasm quivers.
Ijyb misses you.
Unknown command.
It was a potion of attraction.
You feel attractive to monsters.
Ijyb zaps a wand.
The bolt of acid hits you!!
Ouch! That really hurt!
You die...

.. +.....#
....##....#
..........#
#######...# #...#
####...####
#...)..(..#
#.........#
#.@.......#
.J....g....>...#
.................
≈......#########.
.♣..... ≈.P....
≈≈..... ≈......


You could see Ijyb and an endoplasm.

Vanquished Creatures
  An adder (D:2)
  A worm (D:2)
  5 ball pythons
  6 bats
  6 endoplasms
  3 goblins
  3 jackals (D:2)
  A quokka (D:2)
  3 frilled lizards
  5 kobolds
  6 rats
40 creatures vanquished.

Vanquished Creatures (others)
  12 plants (D:3)
12 creatures vanquished.

Grand Total: 52 creatures vanquished

Notes
Turn   | Place    | Note
-------+----------+-------------------------------------------
     0 | D:1      | ZappyNine the Gnoll Warper began the quest for the Orb.
     0 | D:1      | Reached XP level 1. HP: 20/20 MP: 6/6
   242 | D:1      | Reached XP level 2. HP: 26/26 MP: 7/7
   372 | D:1      | Learned a level 2 spell: Blink
  1132 | D:2      | Found Mumnath's Antique Weapon Shoppe.
  1255 | D:2      | Reached XP level 3. HP: 31/31 MP: 9/9
  1257 | D:2      | Reached skill level 5 in Spellcasting
  1375 | D:2      | Found a faded altar of an unknown god.
  1379 | D:2      | Reached skill level 1 in Invocations
  1383 | D:2      | Got Plato's Guide on Calling
  1531 | D:2      | Found Mely's Antique Armour Shoppe.
  1667 | D:2      | Reached skill level 1 in Short Blades
  1667 | D:2      | Reached skill level 1 in Long Blades
  1667 | D:2      | Reached skill level 1 in Maces & Flails
  1667 | D:2      | Reached skill level 1 in Polearms
  1667 | D:2      | Reached skill level 1 in Staves
  1667 | D:2      | Reached skill level 1 in Slings
  1667 | D:2      | Reached skill level 1 in Bows
  1667 | D:2      | Reached skill level 1 in Crossbows
  1667 | D:2      | Reached skill level 1 in Stealth
  1667 | D:2      | Reached skill level 1 in Shields
  1667 | D:2      | Reached skill level 1 in Unarmed Combat
  1667 | D:2      | Reached skill level 1 in Evocations
  1805 | D:3      | Noticed Ijyb
  1811 | D:3      | Killed from afar by Ijyb

Illustrated notes

Levels and vault maps discovered:
D:1:      dpeg_arrival_water_temple_mockup, layout_basic
D:2:      layout_rooms, serial_shops, shop, nicolae_shop_statue_plus,
          shapermc_ecumenical_altar_rom_forum
D:3:      layout_basic, serial_bayou, serial_bayou_lagoon_a,
          serial_bayou_pond_b, serial_bayou_pond_e, serial_bayou_ford_a,
          serial_park_tiny_2, minmay_strange_pillars,
          kennysheep_generic_room_14, uniq_ijyb

Skill      XL: |  1  2  3 |
---------------+----------+-----
Spellcasting   | 5 |  5.0
Invocations    | 1 |  1.0
Short Blades   | 1 |  1.0
Long Blades    | 1 |  1.0
Maces & Flails | 1 |  1.0
Polearms       | 1 |  1.0
Staves         | 1 |  1.0
Slings         | 1 |  1.0
Bows           | 1 |  1.0
Crossbows      | 1 |  1.0
Stealth        | 1 |  1.0
Shields        | 1 |  1.0
Unarmed Combat | 1 |  1.0
Evocations     | 1 |  1.0
Fighting       | |  4.6
Axes           | |  4.6
Throwing       | |  2.6
Armour         | |  2.6
Dodging        | |  4.6
Conjurations   | |  0.7
Hexes          | |  0.7
Summonings     | |  0.7
Necromancy     | |  0.7
Translocations | |  5.4
Transmutations | |  0.7
Fire Magic     | |  0.7
Ice Magic      | |  0.7
Air Magic      | |  0.7
Earth Magic    | |  0.7
Poison Magic   | |  0.7

Action                   || total
-------------------------++-------
Melee: Hand axe          ||   110
       Bite              ||     5
  Use: Potion            ||     2
 Stab: Sleeping          ||     1
Armor: Leather armour    ||    36
Dodge: Dodged            ||    76
